AoeStats
← couplapotatocakes

Marketplace

504685587Analyzed
1v1 RM · 27d ago on Sep 6, 2026· 53m 35s· 2 players
Game mode
Random Map
Map size
Tiny (2 player)
Population
200
Speed
Normal
Resources
Standard
Victory
Conquest
Starting age
Dark Age
Ending age
Imperial Age
RankedLock teamsTeams togetherTeam positionsShared explorationLock speedFull tech treeHidden civsTurbo modeCheats
Victory
Defeat
🇸🇪 Bohemians · Sweden
1057
+15
🇦🇺 Vikings · Australia
1036
-15
couplapotatocakes
7:29 Loom
10:42 Feudal Age
12:44 Double-Bit Axe
14:02 Horse Collar
16:34 Fletching
18:38 Padded Archer Armor
24:19 Castle Age
23:23 Gold Mining
24:33 Crossbowman
25:11 Bodkin Arrow
25:49 Leather Archer Armor
24:58 Light Cavalry
26:38 Ballistics
28:01 Scale Barding Armor
28:07 Forging
37:14 Imperial Age
36:16 Caravan
36:55 Chain Barding Armor
36:43 Heavy Plow
36:55 Bow Saw
37:43 Arbalester
38:46 Bracer
45:12 Chemistry
44:45 Ring Archer Armor
45:05 Onager
47:38 Two-Man Saw
47:11 Crop Rotation
48:37 Cavalier
50:18 Iron Casting
CarpitOlander
4:06 Loom
4:44 Loom
11:11 Feudal Age
13:03 Double-Bit Axe
14:16 Horse Collar
16:28 Wheelbarrow
17:15 Fletching
22:08 Castle Age
22:44 Forging
22:35 Elite Skirmisher
23:16 Bodkin Arrow
26:30 Heavy Plow
30:58 Pikeman
32:49 Hand Cart
38:18 Imperial Age
37:29 Bow Saw
38:57 Iron Casting
38:24 Scale Mail Armor
38:24 Padded Archer Armor
40:01 Chemistry
40:20 Conscription
40:36 Siege Engineers
42:15 Bracer
42:31 Leather Archer Armor
43:17 Blast Furnace
42:20 Elite Hussite Wagon
42:27 Elite Hussite Wagon
43:28 Caravan
43:24 Halberdier
44:06 Squires
43:53 Arson
43:43 Light Cavalry
44:25 Husbandry
45:40 Ballistics
45:17 Murder Holes
45:35 Masonry
46:05 Houfnice
47:59 Two-Man Saw
46:47 Town Watch
47:18 Scale Barding Armor
47:29 Chain Mail Armor
48:55 Bombard Tower
49:08 Architecture
Connection lost

Rejoining the realm…

Still unreachable

The connection could not be restored.

Session expired

The server has moved on; the page needs a fresh start.